 Dungeon Crawl Stone Soup version 0.24-a0-584-g9d6b971ae4 (webtiles) character file.

Game seed: 14888531391318406257, levelgen mode: deterministic

14846 Ijustatesigmund the Blocker (level 12, -2/86 HPs)
             Began as a Gnoll Fighter on Aug 29, 2019.
             Was the Champion of Okawaru.
             Slain by an unseen horror (6 damage)
             ... on level 13 of the Dungeon.
             The game lasted 00:23:27 (10152 turns).

Ijustatesigmund the Blocker (Gnoll Fighter)        Turns: 10152, Time: 00:23:27

Health: -2/86      AC: 13    Str: 19    XL:     12   Next: 20%
Magic:  22/22      EV: 20    Int: 10    God:    Okawaru [******]
Gold:   680        SH: 13    Dex: 25    Spells: 24/24 levels left

rFire    . . .     SeeInvis .   a - +4 morningstar
rCold    . . .     Gourm    .   c - +0 shield
rNeg     . . .     Faith    .   b - +0 scale mail
rPois    .         Spirit   .   (no helmet)
rElec    .         Reflect  .   w - +1 cloak
rCorr    .         Harm     .   (no gloves)
MR       .....                  i - +0 pair of boots
Stlth    ++++......             C - amulet of regeneration
HPRegen  0.64/turn              j - ring of flight
MPRegen  0.18/turn              (no ring)

@: agile, very slightly contaminated, hasted, very quick
A: distributed training, fangs 1, frail 1, shaggy fur 1, strong nose
a: Heroism, Finesse, Renounce Religion, Evoke Flight


You were on level 13 of the Dungeon.
You worshipped Okawaru.
Okawaru was exalted by your worship.
You were not hungry.

You visited 1 branch of the dungeon, and saw 12 of its levels.

You collected 680 gold pieces.

Inventory:

Hand Weapons
 a - a +4 morningstar (weapon)
Armour
 b - a +0 scale mail (worn)
 c - a +0 shield (worn)
 i - a +0 pair of boots (worn)
 w - a +1 cloak (worn)
Jewellery
 j - a ring of flight (left hand)
 C - an amulet of regeneration (around neck)
Wands
 v - a wand of iceblast (24)
 x - a wand of clouds (6)
 y - a wand of disintegration (7)
 z - a wand of random effects (27)
 A - a wand of acid (9)
Scrolls
 k - a scroll of blinking
 o - 2 scrolls of fear
 p - 2 scrolls of teleportation
 q - 5 scrolls of remove curse
 r - 7 scrolls of fog
 u - 2 scrolls of amnesia
 B - a scroll of magic mapping
Potions
 d - a potion of magic
 e - 2 potions of ambrosia
 g - 3 potions of lignification
 h - 2 potions of brilliance
 l - a potion of haste
 s - 2 potions of curing
 E - 2 potions of resistance
 F - a potion of degeneration {unknown}
 G - 2 potions of flight {unknown}
Miscellaneous
 J - a lightning rod (3/4)
Comestibles
 f - 22 rations
 n - 6 chunks of flesh


   Skills:
 + Level 9.6 Fighting
 + Level 6.9 Short Blades
 + Level 6.9 Long Blades
 + Level 6.9 Axes
 + Level 8.4 Maces & Flails
 + Level 6.9 Polearms
 + Level 6.9 Staves
 + Level 6.9 Slings
 + Level 6.9 Bows
 + Level 6.9 Crossbows
 + Level 6.9 Throwing
 + Level 9.6 Armour
 + Level 6.9 Dodging
 + Level 6.9 Stealth
 + Level 9.6 Shields
 + Level 6.9 Unarmed Combat
 + Level 6.9 Spellcasting
 + Level 5.7 Conjurations
 + Level 5.7 Hexes
 + Level 5.7 Charms
 + Level 5.7 Summonings
 + Level 5.7 Necromancy
 + Level 5.7 Translocations
 + Level 5.7 Transmutations
 + Level 5.7 Fire Magic
 + Level 5.7 Ice Magic
 + Level 5.7 Air Magic
 + Level 5.7 Earth Magic
 + Level 5.7 Poison Magic
 + Level 7.6 Invocations
 + Level 6.9 Evocations


You had 24 spell levels left.
You didn't know any spells.
Your spell library contained the following spells:

 Spells                   Type           Power        Failure   Level  Hunger
 Animate Skeleton         Necr           N/A          9%          1    None
 Apportation              Tloc           ###...       9%          1    None
 Beastly Appendage        Tmut           ###...       9%          1    None
 Confusing Touch          Hex            ###...       9%          1    None
 Summon Small Mammal      Summ           ###.         9%          1    None
 Sticks to Snakes         Tmut           ###.....     13%         2    ##.....
 Confuse                  Hex            ###.....     26%         3    ###....
 Gell's Gravitas          Tloc           ###.......   26%         3    ###....
 Spider Form              Tmut/Pois      ###.......   26%         3    ###....
 Ice Form                 Ice/Tmut       ###.....     65%         4    ####...
 Petrify                  Tmut/Erth      ###.....     65%         4    ####...
 Blade Hands              Tmut           ###.......   94%         5    ######.
 Metabolic Englaciation   Hex/Ice        ###.......   94%         5    ######.
 Yara's Violent Unravell  Hex/Tmut       ###.......   94%         5    ######.


Dungeon Overview and Level Annotations

Branches:
Dungeon (11/15)            Temple (0/1) D:5            Lair (0/6) D:8
    Orc: D:9-12

Altars:
Cheibriados
Fedhas
Gozag
Okawaru

Annotations:
D:5 1 transporter, Eightlegvermin's ghost, novice OpTm
D:9 2 runed translucent doors, voshxx's ghost, novice DsFi
D:13 Azrael


Innate Abilities, Weirdness & Mutations

Your experience applies equally to all skills.
You have very sharp teeth.
Your uncanny sense of smell can sniff out nearby items.
You are frail. (-10% HP)
You are covered in fur. (AC +1)


Message History

A centaur comes into view. It is wielding a +0 shortbow.
You see here 2 arrows.
You feel yourself speed up. Something hits you.
* * * LOW HITPOINT WARNING * * *
The centaur wields a +0 shortbow.
The centaur shoots an arrow.
You block the arrow.
The centaur shoots an arrow.
The arrow hits you.
* * * LOW HITPOINT WARNING * * *
Something hits you.
* * * LOW HITPOINT WARNING * * *
The centaur shoots an arrow.
You block the arrow.
The centaur shoots an arrow.
The arrow hits you.
* * * LOW HITPOINT WARNING * * *
You feel agile all of a sudden. Something completely misses you.
The centaur shoots an arrow.
You block the arrow.
The centaur shoots an arrow.
The arrow barely misses you.
The centaur shoots an arrow.
The arrow hits you.
* * * LOW HITPOINT WARNING * * *
Unknown command.
Something hits you.
You die...

...#.........#.#
#.#......
...#.........#.#
#.# ####.
...#.........#.#
#.#
...#[........#.#
#.#
...#...........#
#.#
...#...........#
..
#####....#..###
#.####....#####
.# #@(.(.#
+{(...# #.....#
cccc...#
#.c..#.###
#....#.. ∆
#..#.#...
#....#....∆
##.#. ....


You could see 3 centaurs.

Vanquished Creatures
  A centaur warrior (D:13)
  Erica (D:8)
  A two-headed ogre (D:11)
  A death knight (D:11)
  Pikel (D:7)
  Maurice (D:8)
  A gargoyle (D:10)
  A freezing wraith (D:11)
  3 trolls
  A hornet (D:7)
  7 hippogriffs
  Sigmund (D:6)
  A wyvern (D:9)
  3 wraiths (D:11)
  5 yaks (D:10)
  Grum (D:8)
  A steam dragon (D:11)
  Eustachio (D:6)
  2 hell hounds (D:13)
  3 orc warriors
  2 sky beasts
  A slave (D:7)
  2 black bears
  A phantom (D:8)
  4 ice beasts
  8 ogres
  5 wolves (D:8)
  4 centaurs
  A crocodile (D:11)
  2 big kobolds
  6 bullfrogs
  A gnoll sergeant (D:10)
  2 scorpions
  18 killer bees
  A howler monkey (D:5)
  3 wights (D:6)
  2 electric eels
  2 crimson imps
  A quasit (D:10)
  3 jellies
  4 centaur zombies
  7 orc priests
  8 hounds
  5 orc wizards
  3 bullfrog skeletons
  A gnoll shaman (D:8)
  2 iguanas
  3 worker ants
  A killer bee zombie (D:3)
  2 hound zombies
  A worker ant zombie (D:11)
  3 howler monkey zombies
  13 gnolls
  A river rat (D:8)
  14 adders
  2 shadow imps (D:9)
  An adder zombie (D:9)
  3 worms
  3 dart slugs
  5 leopard geckos
  35 orcs
  10 bats
  2 giant cockroaches
  9 goblins
  8 hobgoblins
  12 jackals
  6 quokkas
  2 ball pythons
  A ball python skeleton (D:4)
  8 frilled lizards
  A giant cockroach zombie (D:2)
  14 kobolds
  A quokka skeleton (D:4)
  A quokka zombie (D:8)
  8 rats
306 creatures vanquished.

Notes
Turn   | Place    | Note
-------+----------+-------------------------------------------
     0 | D:1      | Ijustatesigmund the Gnoll Fighter began the quest for the
                  | Orb.
     0 | D:1      | Reached XP level 1. HP: 23/23 MP: 1/1
    55 | D:1      | Reached XP level 2. HP: 27/29 MP: 2/2
   310 | D:1      | Reached XP level 3. HP: 35/35 MP: 3/3
   624 | D:1      | Reached skill level 1 in Invocations
   717 | D:2      | Reached skill level 1 in Short Blades
   717 | D:2      | Reached skill level 1 in Long Blades
   717 | D:2      | Reached skill level 1 in Axes
   717 | D:2      | Reached skill level 1 in Polearms
   717 | D:2      | Reached skill level 1 in Staves
   717 | D:2      | Reached skill level 1 in Slings
   717 | D:2      | Reached skill level 1 in Bows
   717 | D:2      | Reached skill level 1 in Crossbows
   717 | D:2      | Reached skill level 1 in Throwing
   717 | D:2      | Reached skill level 1 in Dodging
   717 | D:2      | Reached skill level 1 in Stealth
   717 | D:2      | Reached skill level 1 in Unarmed Combat
   717 | D:2      | Reached skill level 1 in Spellcasting
   717 | D:2      | Reached skill level 1 in Evocations
   876 | D:2      | Reached XP level 4. HP: 40/41 MP: 5/5
   888 | D:2      | Found an iron altar of Okawaru.
   897 | D:2      | Became a worshipper of Warmaster Okawaru
  1288 | D:3      | Reached skill level 1 in Conjurations
  1288 | D:3      | Reached skill level 1 in Hexes
  1288 | D:3      | Reached skill level 1 in Charms
  1288 | D:3      | Reached skill level 1 in Summonings
  1288 | D:3      | Reached skill level 1 in Necromancy
  1288 | D:3      | Reached skill level 1 in Translocations
  1288 | D:3      | Reached skill level 1 in Transmutations
  1288 | D:3      | Reached skill level 1 in Fire Magic
  1288 | D:3      | Reached skill level 1 in Ice Magic
  1288 | D:3      | Reached skill level 1 in Air Magic
  1288 | D:3      | Reached skill level 1 in Earth Magic
  1288 | D:3      | Reached skill level 1 in Poison Magic
  1370 | D:3      | Reached XP level 5. HP: 35/47 MP: 6/6
  2157 | D:4      | Noticed an ogre
  2164 | D:4      | Killed an ogre
  2164 | D:4      | Reached XP level 6. HP: 39/53 MP: 8/8
  2248 | D:4      | Found a blossoming altar of Fedhas.
  2423 | D:4      | Reached skill level 5 in Maces & Flails
  2668 | D:5      | Entered Level 5 of the Dungeon
  2697 | D:5      | Reached * piety under Okawaru
  2742 | D:5      | Noticed an ice beast
  2751 | D:5      | Killed an ice beast
  2751 | D:5      | Reached XP level 7. HP: 43/59 MP: 10/10
  3083 | D:5      | Found a staircase to the Ecumenical Temple.
  3512 | D:5      | Reached ** piety under Okawaru
  3558 | D:5      | Noticed Eightlegvermin's ghost (novice OpTm)
  3560 | D:5      | Found a transporter.
  3975 | D:6      | Reached XP level 8. HP: 44/67 MP: 12/12
  4665 | D:6      | Found an opulent altar of Gozag.
  4703 | D:6      | Noticed Eustachio
  4720 | D:6      | Killed Eustachio
  4720 | D:6      | Reached *** piety under Okawaru
  4750 | D:6      | Noticed Sigmund
  4762 | D:6      | Killed Sigmund
  4762 | D:6      | Reached XP level 9. HP: 72/72 MP: 12/14
  5951 | D:7      | Noticed a hornet
  5958 | D:7      | Paralysed by a hornet for 1 turns
  5964 | D:7      | Killed a hornet
  5964 | D:7      | Reached **** piety under Okawaru
  5964 | D:7      | Reached skill level 5 in Invocations
  6441 | D:8      | Reached XP level 10. HP: 56/80 MP: 14/17
  6736 | D:8      | Noticed Maurice
  6744 | D:8      | Killed Maurice
  6744 | D:8      | Reached skill level 5 in Short Blades
  6744 | D:8      | Reached skill level 5 in Long Blades
  6744 | D:8      | Reached skill level 5 in Axes
  6744 | D:8      | Reached skill level 5 in Polearms
  6744 | D:8      | Reached skill level 5 in Staves
  6744 | D:8      | Reached skill level 5 in Slings
  6744 | D:8      | Reached skill level 5 in Bows
  6744 | D:8      | Reached skill level 5 in Crossbows
  6744 | D:8      | Reached skill level 5 in Throwing
  6744 | D:8      | Reached skill level 5 in Dodging
  6744 | D:8      | Reached skill level 5 in Stealth
  6744 | D:8      | Reached skill level 5 in Unarmed Combat
  6744 | D:8      | Reached skill level 5 in Spellcasting
  6744 | D:8      | Reached skill level 5 in Evocations
  6907 | D:8      | Gained mutation: You are frail. (-10% HP) [potion of
                  | mutation]
  6907 | D:8      | Gained mutation: Your flesh is cold resistant. (rC+)
                  | [potion of mutation]
  6925 | D:8      | Found a staircase to the Lair.
  7031 | D:8      | Noticed Pikel
  7056 | D:7      | Killed Pikel
  7056 | D:7      | Received a gift from Okawaru
  7075 | D:8      | Noticed Grum
  7097 | D:8      | Killed Grum
  7105 | D:8      | Lost mutation: You are frail. (-10% HP) [potion of
                  | mutation]
  7105 | D:8      | Lost mutation: Your flesh is cold resistant. (rC+) [potion
                  | of mutation]
  7105 | D:8      | Gained mutation: You are frail. (-10% HP) [potion of
                  | mutation]
  7105 | D:8      | Gained mutation: You are covered in fur. (AC +1) [potion of
                  | mutation]
  7221 | D:8      | Noticed Erica
  7239 | D:8      | Killed Erica
  7239 | D:8      | Reached ***** piety under Okawaru
  7525 | D:9      | Found a snail-covered altar of Cheibriados.
  7546 | D:9      | Received a gift from Okawaru
  7635 | D:9      | Found a large runed translucent door.
  7635 | D:9      | Found a large runed translucent door.
  7639 | D:9      | Noticed voshxx's ghost (novice DsFi)
  7712 | D:9      | Reached XP level 11. HP: 78/78 MP: 19/19
  8165 | D:10     | Entered Level 10 of the Dungeon
  8238 | D:10     | Received a gift from Okawaru
  8719 | D:10     | Reached skill level 5 in Conjurations
  8719 | D:10     | Reached skill level 5 in Hexes
  8719 | D:10     | Reached skill level 5 in Charms
  8719 | D:10     | Reached skill level 5 in Summonings
  8719 | D:10     | Reached skill level 5 in Necromancy
  8719 | D:10     | Reached skill level 5 in Translocations
  8719 | D:10     | Reached skill level 5 in Transmutations
  8719 | D:10     | Reached skill level 5 in Fire Magic
  8719 | D:10     | Reached skill level 5 in Ice Magic
  8719 | D:10     | Reached skill level 5 in Air Magic
  8719 | D:10     | Reached skill level 5 in Earth Magic
  8719 | D:10     | Reached skill level 5 in Poison Magic
  8997 | D:11     | Noticed a death knight
  9023 | D:11     | HP: 3/80 [steam dragon (8)]
  9499 | D:11     | Killed a death knight
  9499 | D:11     | Received a gift from Okawaru
  9515 | D:11     | Received a gift from Okawaru
  9635 | D:11     | Noticed a two-headed ogre
  9654 | D:11     | Killed a two-headed ogre
  9759 | D:11     | Reached XP level 12. HP: 67/86 MP: 22/22
  9777 | D:11     | Reached ****** piety under Okawaru
 10068 | D:11     | You fall into a shaft and drop 2 floors!
 10075 | D:13     | Noticed a centaur warrior
 10090 | D:13     | Killed a centaur warrior
 10090 | D:13     | Received a gift from Okawaru
 10134 | D:13     | Noticed Azrael
 10151 | D:13     | HP: 3/86 [centaur/arrow (6)]
 10152 | D:13     | Slain by an unseen horror

Levels and vault maps discovered:
D:1:      zelgadis_glass_arrival_small, layout_basic, grunt_decor_arrowhead,
          roderic_roman_lattice
D:2:      layout_basic, okawaru_gym_becter
D:3:      layout_rooms
D:4:      layout_basic, first_ration, fedhas_ov_isle_minmay
D:5:      layout_basic, temple_fountains, gammafunk_ghost_smash
D:6:      layout_basic, kennysheep_mini, uniq_eustachio, uniq_sigmund
D:7:      layout_gridville
D:8:      layout_rooms, erik_lair_island, kennysheep_generic_room_5, uniq_pikel,
          uniq_maurice, uniq_erica, uniq_grum
D:9:      layout_roguey, basic_altar, ebering_ghost_disaster_area, serial_glass,
          glass_columns_b, glass_columns_a
D:10:     layout_cave_pools
D:11:     layout_basic
D:13:     layout_basic, skrybe_vaults_entry_preservation, serial_shops,
          nicolae_shop_temple_entry_statues_fountains, grunt_tengu_nest,
          uniq_azrael

Skill      XL: |  1  2  3  4  5  6  7  8  9 10 11 |
---------------+----------------------------------+-----
Invocations    | 1 2 3 4 5 6 7 |  7.6
Short Blades   | 1 2 3 4 5 6 |  6.9
Long Blades    | 1 2 3 4 5 6 |  6.9
Axes           | 1 2 3 4 5 6 |  6.9
Polearms       | 1 2 3 4 5 6 |  6.9
Staves         | 1 2 3 4 5 6 |  6.9
Slings         | 1 2 3 4 5 6 |  6.9
Bows           | 1 2 3 4 5 6 |  6.9
Crossbows      | 1 2 3 4 5 6 |  6.9
Throwing       | 1 2 3 4 5 6 |  6.9
Dodging        | 1 2 3 4 5 6 |  6.9
Stealth        | 1 2 3 4 5 6 |  6.9
Unarmed Combat | 1 2 3 4 5 6 |  6.9
Spellcasting   | 1 2 3 4 5 6 |  6.9
Evocations     | 1 2 3 4 5 6 |  6.9
Conjurations   | 1 2 3 4 5 |  5.7
Hexes          | 1 2 3 4 5 |  5.7
Charms         | 1 2 3 4 5 |  5.7
Summonings     | 1 2 3 4 5 |  5.7
Necromancy     | 1 2 3 4 5 |  5.7
Translocations | 1 2 3 4 5 |  5.7
Transmutations | 1 2 3 4 5 |  5.7
Fire Magic     | 1 2 3 4 5 |  5.7
Ice Magic      | 1 2 3 4 5 |  5.7
Air Magic      | 1 2 3 4 5 |  5.7
Earth Magic    | 1 2 3 4 5 |  5.7
Poison Magic   | 1 2 3 4 5 |  5.7
Maces & Flails | 5 6 7 8 |  8.4
Fighting       | 7 8 9 |  9.6
Armour         | 7 8 9 |  9.6
Shields        | 7 8 9 |  9.6

Action                   |  1- 3 |  4- 6 |  7- 9 | 10-12 || total
-------------------------+-------+-------+-------+-------++-------
Melee: Flail             |   114 |   172 |       |       ||   286
       Bite              |    10 |    27 |    32 |   103 ||   172
       Trident           |       |    25 |   267 |   508 ||   800
       Morningstar       |       |       |       |    76 ||    76
Invok: Heroism           |       |       |     2 |     5 ||     7
Evoke: Wand              |       |       |     3 |    17 ||    20
       Lightning rod     |       |       |       |     3 ||     3
  Use: Scroll            |     3 |    11 |     5 |    13 ||    32
       Potion            |       |       |     2 |     9 ||    11
 Stab: Sleeping          |       |       |     3 |     1 ||     4
       Invisible         |       |       |       |     5 ||     5
  Eat: Chunk             |       |     6 |     9 |    13 ||    28
       Ration            |       |       |     1 |       ||     1
Armor: Scale mail        |    45 |    77 |    73 |   178 ||   373
Dodge: Dodged            |    32 |    64 |   124 |   269 ||   489
Block: Shield            |    64 |   131 |   163 |   397 ||   755

Table legend:
 A = Non-vault XP
 B = Vault XP
 C = Vault XP percentage of total XP
 D = Non-vault monster count
 E = Vault monster count
 F = Vault count percentage of total count
                 A         B        C        D         E       F
            +---------+---------+-------+---------+---------+-------
      Total |   16991 |    4218 |  19.9 |     284 |      21 |   6.9
            +---------+---------+-------+---------+---------+-------
        D:1 |      58 |       0 |   0.0 |      33 |       0 |   0.0
        D:2 |      57 |       0 |   0.0 |      17 |       0 |   0.0
        D:3 |      99 |       0 |   0.0 |      23 |       0 |   0.0
        D:4 |     242 |       0 |   0.0 |      12 |       0 |   0.0
        D:5 |     569 |       0 |   0.0 |      17 |       0 |   0.0
        D:6 |    1505 |     412 |  21.5 |      28 |       2 |   6.7
        D:7 |    1486 |     705 |  32.2 |      20 |       2 |   9.1
        D:8 |     241 |    2817 |  92.1 |      14 |      15 |  51.7
        D:9 |    2009 |       0 |   0.0 |      33 |       0 |   0.0
       D:10 |    3355 |       0 |   0.0 |      35 |       0 |   0.0
       D:11 |    5631 |       0 |   0.0 |      46 |       0 |   0.0
       D:13 |    1739 |     284 |  14.0 |       6 |       2 |  25.0
            +---------+---------+-------+---------+---------+-------
